 Dungeon Crawl Stone Soup version 0.28.0-45-g0d030f2227 (console) character file.

Game seed: 13936072909486291106

167052 Zeor the Slayer (level 17, -11/115 HPs)
             Began as a Gargoyle Gladiator on Apr 6, 2022.
             Was a High Priest of Wu Jian.
             Killed from afar by a merfolk aquamancer (18 damage)
             ... with a shard of ice
             ... on level 4 of the Shoals on Apr 7, 2022.
             The game lasted 02:34:16 (38671 turns).

Zeor the Slayer (Gargoyle Gladiator)               Turns: 38671, Time: 02:34:17

Health: -11/115    AC: 42    Str: 25      XL:     17   Next: 91%
Magic:  0/17       EV: 10    Int:  7 (8)  God:    Wu Jian [*****.]
Gold:   2420       SH:  0    Dex: 13 (14) Spells: 16/16 levels left

rFire   + . .      SeeInvis .   a - +3 lajatang
rCold   + . .      Faith    .   (shield currently unavailable)
rNeg    + . .      Spirit   +   I - +1 plate armour {Will+}
rPois   ∞          Reflect  .   A - +2 hat {Will+}
rElec   +          Harm     .   y - scarf {rC+ rF+}
rCorr   +          Rampage  .   i - +0 pair of fencer's gloves {Riposte Dex+3}
Will    +++..                   g - +2 pair of boots
Stlth   ..........              J - amulet of guardian spirit
HPRegen 0.29/turn               u - ring of resist corrosion
MPRegen 0.15/turn               Q - +4 ring of slaying

@: flying
A: sickness immunity, AC +12, big wings, negative energy resistance 1,
electricity resistance, torment resistance 1, petrification resistance, antennae
1, iridescent scales 1, deterioration 1, frail 1, weak 1
a: Renounce Religion, Wall Jump, Serpent's Lash, Heavenly Storm


You were on level 4 of the Shoals.
You worshipped Wu Jian.
Wu Jian was extremely pleased with you.
You visited 6 branches of the dungeon, and saw 28 of its levels.
You visited the Abyss 1 time.
You also visited: Ossuary and Volcano.

You collected 3319 gold pieces.
You spent 899 gold pieces at shops.

Inventory:

Hand Weapons
 a - a +3 lajatang (weapon)
 b - a +1 quarterstaff of freezing
 f - a +1 quarterstaff of flaming
 R - a +4 scimitar of flaming
Missiles
 e - 313 bolts
 h - 2 silver javelins
 l - 11 javelins (quivered)
 t - 5 curare-tipped darts
 H - 3 throwing nets
 Y - 8 atropa-tipped darts
Armour
 g - a +2 pair of boots (worn)
 i - the +0 pair of fencer's gloves (worn) {Riposte Dex+3}
   (You found it on level 6 of the Lair of Beasts)

   It allows the wearer to riposte with melee weapons, swiftly retaliating
   against missed attacks.
   Dex:       It affects your dexterity (+3).
 q - a +4 chain mail of cold resistance
 y - a scarf of resistance (worn)
 A - a +2 hat of willpower (worn)
 I - a +1 plate armour of willpower (worn)
 Z - +0 fire dragon scales
Jewellery
 j - a +6 ring of strength
 m - a ring of positive energy
 u - a ring of resist corrosion (left hand)
 J - an amulet of guardian spirit (around neck)
 L - a ring of protection from fire
 Q - a +4 ring of slaying (right hand)
Wands
 k - a wand of paralysis (14)
 n - a wand of flame (39)
 v - a wand of iceblast (29)
 w - a wand of charming (6)
 E - a wand of polymorph (12)
 F - a wand of mindburst (7)
 N - a wand of acid (11)
Scrolls
 p - 13 scrolls of teleportation
 r - 2 scrolls of summoning
 x - 2 scrolls of immolation
 C - 2 scrolls of blinking
 G - 4 scrolls of torment
 K - 3 scrolls of fog
 O - 9 scrolls of identify
 S - 3 scrolls of magic mapping
 T - 4 scrolls of fear
 X - a scroll of silence
Potions
 c - 4 potions of cancellation
 d - 3 potions of ambrosia
 s - 5 potions of resistance
 z - 2 potions of invisibility
 B - 3 potions of haste
 D - 3 potions of curing
 M - 3 potions of magic
 U - a potion of berserk rage
Miscellaneous
 V - a phial of floods


   Skills:
 * Level 21.6 Fighting
 + Level 1.6 Long Blades
 + Level 1.4(11.8) Maces & Flails
 + Level 17.8(17.9) Staves
 * Level 7.6 Throwing
 * Level 18.7 Armour
 + Level 5.1 Dodging
 + Level 3.2 Stealth


You had 16 spell levels left.
You didn't know any spells.
Your spell library contained the following spells:

 Spells                   Type           Power      Damage    Failure   Level
 Foxfire                  Conj/Fire      0%         2x1d4     95%         1
 Magic Dart               Conj           0%         1d3       95%         1
 Shock                    Conj/Air       0%         1d3       95%         1
 Sting                    Tmut/Pois      0%         1d3       95%         1
 Blink                    Tloc           0%         N/A       99%         2
 Call Imp                 Summ           0%         N/A       99%         2
 Poisonous Vapours        Pois/Air       0%         N/A       99%         2
 Static Discharge         Conj/Air       0%         N/A       99%         2
 Conjure Flame            Conj/Fire      0%         6-21      100%        3
 Frozen Ramparts          Ice            0%         1d2       100%        3
 Ignite Poison            Fire/Tmut/Pois 0%         N/A       100%        3
 Inner Flame              Hex/Fire       0%         N/A       100%        3
 Lesser Beckoning         Tloc           0%         N/A       100%        3
 Mephitic Cloud           Conj/Pois/Air  0%         N/A       100%        3
 Ozocubu's Armour         Ice            0%         N/A       100%        3
 Portal Projectile        Hex/Tloc       0%         N/A       100%        3
 Swiftness                Air            0%         N/A       100%        3
 Airstrike                Air            0%         N/A       100%        4
 Anguish                  Hex/Necr       0%         N/A       100%        4
 Animate Armour           Summ/Erth      0%         N/A       100%        4
 Flame Wave               Conj/Fire      0%         2d4       100%        4
 Hailstorm                Conj/Ice       0%         3d3       100%        4
 Ice Form                 Ice/Tmut       0%         N/A       100%        4
 Olgreb's Toxic Radiance  Pois           0%         N/A       100%        4
 Summon Ice Beast         Ice/Summ       0%         N/A       100%        4
 Blade Hands              Tmut           0%         N/A       100%        5
 Freezing Cloud           Conj/Ice/Air   0%         6-21      100%        5
 Lightning Bolt           Conj/Air       0%         1d11      100%        5
 Manifold Assault         Tloc           0%         N/A       100%        5
 Metabolic Englaciation   Hex/Ice        0%         N/A       100%        5
 Summon Forest            Summ/Tloc      0%         N/A       100%        5
 Summon Mana Viper        Hex/Summ       0%         N/A       100%        5
 Iron Shot                Conj/Erth      0%         9d1       100%        6
 Simulacrum               Ice/Necr       0%         N/A       100%        6
 Summon Cactus Giant      Summ           0%         N/A       100%        6
 Maxwell's Capacitive Co  Air            0%         ∞         100%        8


Dungeon Overview and Level Annotations

Branches:
Dungeon (14/15)            Temple (1/1) D:5            Lair (6/6) D:11
 Shoals (4/4) Lair:3        Snake (0/4) Lair:2        Slime (0/5) Lair:6
    Orc (2/2) D:12            Elf (1/3) Orc:2        Vaults (0/5) D:14
Ossuary (visited)         Volcano (visited)

Altars:
Ashenzari
Dithmenos
Gozag
Hepliaklqana
Kikubaaqudgha
Makhleb
Nemelex Xobeh
Okawaru
Qazlal
Ru
Sif Muna
Trog
Uskayaw
Vehumet
Wu Jian
Xom
Yredelemnul
Zin
The Shining One
Beogh

Shops:
Orc:1 (   Orc:2 (:(:(   Shoals:2 [

Annotations:
D:6 1 runed translucent door, bnorton916's ghost, novice BaIE
Lair:5 exclusion: oklob plant
Lair:6 exclusion: oklob plant
Elf:1 1 runed translucent door, Icepheonix32's ghost, adept DsFi


Innate Abilities, Weirdness & Mutations

You are immune to sickness and miasma.
Your stone body is resilient. (AC +12)
You are immune to poison.
Your large and strong wings let you fly.
You resist negative energy. (rN+)
You are resistant to electric shocks. (rElec)
You are resistant to unholy torment.
You are immune to petrification.
You have a pair of small antennae on your head.
You are partially covered in iridescent scales. (AC +2)
Your body sometimes deteriorates upon taking damage.
You are frail. (-10% HP)
You are weak. (Str -2)


Message History

The satyr is lightly wounded.
The satyr shoots an arrow.
The arrow barely misses you.
Items here: ( )) †.
Aiming: Wall Jump
Press: ? - help, Dir - move target
Okay, then.
You spin and attack the satyr repeatedly.
You barely miss the satyr. You closely miss the satyr.
You spin and attack the satyr.
You closely miss the satyr.
The satyr is lightly wounded.
The satyr shoots an arrow.
The arrow hits you. The faun barely misses you.
The satyr hits you but does no damage.
You hit the satyr.
The satyr is lightly wounded.
The satyr unwields a +0 club.
The satyr wields a +0 longbow.
The satyr shoots an arrow.
The arrow hits you.
The satyr shoots an arrow.
The arrow closely misses you.
The faun splashes around in the water.
You hit the satyr.
The satyr is lightly wounded.
A nearby plant withers and dies.
The satyr splashes around in the water.
The satyr shoots an arrow.
The arrow hits you!!
The satyr shoots an arrow.
The arrow hits you.
There is nothing to wall jump against here.
You miss the satyr.
The satyr is lightly wounded.
The faun hits you but does no damage. The satyr closely misses you.
You barely miss the satyr.
The satyr is lightly wounded.
The faun barely misses you.
The satyr shoots an arrow.
The arrow hits you!!
The satyr shoots an arrow.
The arrow hits you!
* * * LOW HITPOINT WARNING * * *
The faun hits you from afar with a +0 spear!
* * * LOW HITPOINT WARNING * * *
The merfolk aquamancer casts a spell.
The merfolk aquamancer blinks!
The satyr shoots an arrow.
The arrow hits you!
* * * LOW HITPOINT WARNING * * *
The merfolk aquamancer casts a spell at you.
The shard of ice hits you!! You partially resist.
You die...

≈≈≈≈≈≈≈≈≈≈≈≈≈≈≈≈≈≈≈≈≈≈≈
≈≈≈≈≈≈≈≈≈≈≈≈≈≈≈≈≈≈≈≈≈≈≈≈
≈≈≈≈≈≈≈≈≈≈≈≈≈≈≈≈≈≈≈≈≈≈≈≈
≈≈≈≈≈≈≈≈≈≈≈≈≈≈≈≈≈≈≈≈≈≈≈≈
≈≈≈≈≈≈≈≈≈≈≈≈≈≈≈≈≈≈≈≈≈≈≈≈
≈≈≈≈≈≈≈≈≈≈≈≈≈≈≈≈≈≈≈≈≈≈≈≈
≈≈≈≈≈≈≈≈≈≈≈≈≈≈≈≈≈≈≈≈≈≈≈≈
≈PP≈≈≈≈≈†≈≈≈≈≈≈≈≈≈≈≈≈≈≈≈
≈≈≈▒▒▒9≈≈≈≈≈≈≈≈≈≈≈≈≈≈≈≈ PP
▒)ccm≈≈≈≈≈≈≈≈≈≈≈≈≈≈≈
≈≈P≈≈≈cc)∙P≈≈≈≈≈≈≈≈≈≈≈≈≈∙≈
▒PP≈≈≈≈≈c▒▒≈≈≈≈≈≈≈≈≈≈≈≈≈≈≈
▒▒≈≈≈φ≈≈≈▒▒≈≈≈≈≈≈≈≈≈≈≈≈≈≈≈
▒≈≈≈≈≈≈≈≈▒≈≈≈≈≈≈≈≈∙≈≈≈≈≈≈
PP≈≈≈≈≈≈≈≈≈∙∙≈≈≈≈≈P≈≈≈≈≈≈≈
≈≈≈≈▒≈≈≈PP≈∙∙∙∙≈≈≈≈≈≈≈≈≈≈≈
≈≈▒▒▒≈≈≈≈P≈∙∙∙≈≈≈≈≈≈≈≈≈≈≈≈


You could see 3 satyrs, a merfolk aquamancer and 2 fauns.

Vanquished Creatures
  3 tentacled starspawn (Abyss:3)
  Kirke (D:12)
  A kraken (Shoals:3)
  Gastronok (Lair:2)
  2 deep elf sorcerers (Elf:1)
  Louise (Elf:1)
  An orc warlord (Orc:2)
  An ironbound preserver (D:14)
  A stone giant (Volcano)
  A deep elf annihilator (Elf:1)
  The ghost of pkoi the Zephyrmancer, a journeyman DgAE (Lair:4)
  A rakshasa (Abyss:2)
  12 hydras
  A merfolk avatar (Shoals:2)
  4 centaur warriors
  Erica (Lair:2)
  A catoblepas (Lair:5)
  2 satyrs
  2 boulder beetles
  2 merfolk aquamancers
  6 two-headed ogres
  2 thrashing horrors
  7 death knights
  17 death yaks
  4 dancing weapons (Elf:1)
  2 deep elf knights (Elf:1)
  10 orc high priests
  Urug (Orc:1)
  A wretched star (Abyss:3)
  2 skeletal warriors
  2 goliath frogs (Lair:6)
  7 sea snakes
  A glowing orange brain (Abyss:3)
  A bog body (Lair:2)
  9 deep elf archers (Elf:1)
  3 harpies (Shoals:3)
  Pikel (D:9)
  A phantasmal warrior (D:13)
  3 wizards
  A harpy (shapeshifter) (D:11)
  A wolf spider (Lair:1)
  12 deep elf pyromancers
  15 deep elf zephyrmancers
  9 fauns
  13 manticores
  4 ugly things (D:14)
  A black mamba (shapeshifter) (D:14)
  2 orc sorcerers
  9 cyclopes
  21 elephants
  3 merfolk sirens
  Joseph (D:9)
  6 black mambas
  A smoke demon (Abyss:3)
  26 cane toads
  7 rime drakes
  2 unseen horrors (D:11)
  4 water nymphs
  4 gargoyles
  Maggie (D:9)
  3 kobold demonologists
  6 komodo dragons
  2 ice devils (Lair:2)
  A tengu conjurer (D:13)
  2 efreet
  3 freezing wraiths
  14 merfolk
  11 trolls
  6 polar bears
  5 large abominations
  A hornet (Lair:1)
  2 tyrant leeches (Lair:6)
  A tarantella (shapeshifter) (D:14)
  6 wind drakes
  3 raiju
  3 slime creatures (D:13)
  7 snapping turtles
  31 blink frogs
  21 dream sheep
  2 ynoxinuls
  2 vampires
  A wraith (D:14)
  4 shadows
  12 water elementals
  43 yaks
  A culicivora (shapeshifter) (D:14)
  2 small abominations (Abyss:2)
  8 wyverns
  Grum (Lair:1)
  A chaos spawn (Abyss:3)
  2 golden eyes (Abyss:3)
  9 vampire mosquitoes
  5 basilisks
  2 fire elementals
  2 hogs (D:12)
  4 nagas (Lair:2)
  7 wargs
  2 acid dragons
  17 water moccasins
  20 orc warriors
  3 black bears
  A swamp drake (D:10)
  An ice beast (D:5)
  7 ogres
  4 sky beasts
  18 wolves
  3 necrophages
  17 centaurs
  4 kobold brigands
  14 bullfrogs
  2 earth elementals
  3 gnoll sergeants
  2 scorpions
  A two-headed ogre simulacrum (Lair:2)
  A wyvern skeleton (D:6)
  10 killer bees
  2 troll zombies (D:12)
  3 wights (D:7)
  3 howler monkeys
  2 electric eels
  A crimson imp (D:10)
  6 centaur zombies
  5 jellies
  A bullfrog zombie (D:6)
  34 orc priests
  An iron imp (D:10)
  4 hounds
  3 bullfrog skeletons (D:6)
  Ijyb (D:5)
  2 iguanas
  17 orc wizards
  A spriggan simulacrum (Lair:2)
  A killer bee zombie (D:5)
  A wolf simulacrum (Lair:2)
  4 ogre zombies (D:12)
  3 hound skeletons
  8 mummies (Ossuary)
  A howler monkey zombie (D:8)
  14 adders
  17 gnolls
  2 naga simulacra (Lair:2)
  A shadow imp (D:10)
  2 white imps
  An ufetubus (Abyss:3)
  An adder skeleton (D:4)
  A worm (D:3)
  4 dart slugs
  69 orcs
  8 ball pythons
  7 bats
  5 endoplasms
  3 giant cockroaches (D:1)
  A gnoll zombie (Ossuary)
  3 goblins
  8 hobgoblins
  8 jackals
  7 quokkas
  4 frilled lizards
  A goblin skeleton (D:12)
  A goblin zombie (D:12)
  A hobgoblin skeleton (D:12)
  3 hobgoblin zombies
  17 kobolds
  4 kobold zombies (Ossuary)
  2 orc skeletons (D:12)
  10 orc zombies
  4 rats
  A tentacle (Shoals:3)
943 creatures vanquished.

Vanquished Creatures (collateral kills)
  A yak (D:6)
1 creature vanquished.

Vanquished Creatures (others)
  A faun (Shoals:3)
  2 humans (D:12)
  A boggart (Elf:1)
  An orc wizard (D:7)
  A goblin zombie (D:12)
  3 orc zombies (D:12)
  56 fungi
  A lurking horror (Abyss:3)
  215 plants
  18 starspawn tentacles (Abyss:3)
  7 tentacles (Shoals:3)
306 creatures vanquished.

Grand Total: 1250 creatures vanquished

Notes
Turn   | Place    | Note
-------+----------+-------------------------------------------
     0 | D:1      | Zeor the Gargoyle Gladiator began the quest for the Orb.
     0 | D:1      | Reached XP level 1. HP: 12/12 MP: 1/1
   486 | D:1      | Found a faded altar of an unknown god.
   489 | D:1      | Reached XP level 2. HP: 17/17 MP: 2/2
   938 | D:1      | Reached XP level 3. HP: 17/22 MP: 3/3
  1319 | D:2      | Reached skill level 1 in Armour
  1328 | D:2      | Found Rona's Armour Boutique.
  1649 | D:2      | Reached XP level 4. HP: 27/27 MP: 4/4
  1827 | D:2      | Found a sacrificial altar of Ru.
  1855 | D:2      | Reached skill level 3 in Fighting
  2019 | D:3      | Found an opulent altar of Gozag.
  2023 | D:3      | Found a shimmering blue altar of Sif Muna.
  2025 | D:3      | Found a hide-covered altar of Uskayaw.
  2221 | D:3      | Found a glowing silver altar of Zin.
  2671 | D:4      | Reached XP level 5. HP: 29/32 MP: 5/5
  2706 | D:4      | Noticed a sky beast
  2712 | D:4      | Killed a sky beast
  2713 | D:4      | Reached skill level 1 in Maces & Flails
  2835 | D:4      | Noticed a black bear
  2852 | D:4      | Reached XP level 6. HP: 17/37 MP: 6/6
  2861 | D:4      | Killed a black bear
  3045 | D:4      | Found a glowing golden altar of the Shining One.
  3121 | D:4      | Noticed a black bear
  3133 | D:4      | Killed a black bear
  3134 | D:4      | Reached skill level 4 in Fighting
  3134 | D:4      | Reached skill level 5 in Staves
  3134 | D:4      | Reached skill level 1 in Stealth
  3134 | D:4      | Reached XP level 7. HP: 36/43 MP: 7/7
  3561 | D:5      | Entered Level 5 of the Dungeon
  3595 | D:5      | Gained mutation: Potions are less effective at restoring
                  | your health. [potion of mutation]
  3595 | D:5      | Gained mutation: You expend magic power (3 MP) to
                  | strengthen your wands. [potion of mutation]
  3595 | D:5      | Gained mutation: You are clumsy. (Dex -2) [potion of
                  | mutation]
  3595 | D:5      | Gained mutation: You are partially covered in iridescent
                  | scales. (AC +2) [potion of mutation]
  3596 | D:5      | Lost mutation: Potions are less effective at restoring your
                  | health. [potion of mutation]
  3596 | D:5      | Lost mutation: You are partially covered in iridescent
                  | scales. (AC +2) [potion of mutation]
  3596 | D:5      | Gained mutation: You are weak. (Str -2) [potion of
                  | mutation]
  3596 | D:5      | Gained mutation: You have hidden genetic potential. [potion
                  | of mutation]
  3640 | D:5      | Reached XP level 8. HP: 34/48 MP: 8/8
  3670 | D:5      | Reached skill level 5 in Fighting
  3821 | D:5      | Gained mutation: You have a pair of small antennae on your
                  | head. [hidden potential]
  4078 | D:5      | Reached skill level 5 in Armour
  4087 | D:5      | Noticed Ijyb
  4092 | D:5      | Killed Ijyb
  4199 | D:5      | Found a staircase to the Ecumenical Temple.
  4488 | D:5      | Found a radiant altar of Vehumet.
  5567 | D:6      | Reached skill level 6 in Fighting
  5579 | D:6      | Reached XP level 9. HP: 52/55 MP: 9/9
  5793 | D:6      | Gained mutation: You are robust. (+10% HP) [hidden
                  | potential]
  5793 | D:6      | Lost mutation: You have hidden genetic potential. [hidden
                  | potential expressed]
  5842 | D:6      | Reached skill level 7 in Fighting
  6093 | D:6      | Identified a scroll of acquirement
  6093 | D:6      | Acquired a manual of Armour
  6342 | D:6      | Found a runed translucent door.
  6343 | D:6      | Noticed bnorton916's ghost (novice BaIE)
  6424 | Temple   | Entered the Ecumenical Temple
  6529 | Temple   | Became a worshipper of the Wu Jian Council
  6830 | D:7      | Reached XP level 10. HP: 28/69 MP: 10/10
  7049 | D:7      | Found a sand-covered staircase.
  7055 | Ossuary  | Entered an ossuary
  7093 | Ossuary  | Reached * piety under Wu Jian
  7961 | D:7      | Found a stormy altar of Qazlal.
  8572 | D:8      | Reached skill level 8 in Fighting
  9033 | D:8      | Found a shadowy altar of Dithmenos.
  9173 | D:9      | Reached ** piety under Wu Jian
  9174 | D:9      | Reached skill level 10 in Armour
  9550 | D:9      | Noticed Pikel
  9570 | D:9      | Killed Pikel
  9571 | D:9      | Reached skill level 10 in Staves
  9835 | D:9      | Noticed Maggie
  9857 | D:9      | Killed Maggie
  9858 | D:9      | Reached skill level 9 in Fighting
  9893 | D:9      | Found a broken altar of Ashenzari.
 10112 | D:9      | Noticed a two-headed ogre
 10117 | D:9      | Noticed Joseph
 10122 | D:9      | Killed a two-headed ogre
 10123 | D:9      | Reached XP level 11. HP: 78/78 MP: 11/11
 10131 | D:9      | Killed Joseph
 10618 | D:10     | Entered Level 10 of the Dungeon
 11222 | D:10     | Paralysed by an orc for 3 turns
 11226 | D:10     | Reached skill level 10 in Fighting
 11573 | D:10     | Reached *** piety under Wu Jian
 11701 | D:10     | Noticed a deep elf zephyrmancer
 11706 | D:10     | Noticed a deep elf zephyrmancer
 11707 | D:10     | Killed a deep elf zephyrmancer
 11713 | D:10     | Killed a deep elf zephyrmancer
 12809 | D:11     | Noticed a cyclops
 12948 | D:11     | Reached XP level 12. HP: 35/86 MP: 12/12
 13280 | D:11     | Found a staircase to the Lair.
 13285 | D:11     | Reached skill level 11 in Fighting
 13438 | D:11     | Noticed a two-headed ogre
 13458 | D:11     | Killed a two-headed ogre
 14212 | D:11     | Noticed a four-headed hydra
 14230 | D:11     | Killed a four-headed hydra
 14231 | D:11     | Reached skill level 15 in Armour
 14731 | Lair:1   | Entered Level 1 of the Lair of Beasts
 14735 | Lair:1   | Identified the +0 robe of Amorality {rElec Regen+ Dex-2}
 14799 | Lair:1   | Noticed Grum
 15032 | Lair:1   | Killed Grum
 15046 | Lair:1   | Reached **** piety under Wu Jian
 15857 | Lair:1   | Reached skill level 12 in Fighting
 16647 | Lair:2   | Noticed Gastronok
 16659 | Lair:2   | Noticed an eight-headed hydra
 16849 | Lair:3   | You fall into a shaft and drop 1 floor!
 16897 | Lair:4   | Reached XP level 13. HP: 81/95 MP: 13/13
 17078 | Lair:4   | Reached skill level 13 in Fighting
 17083 | Lair:4   | Reached ***** piety under Wu Jian
 17360 | Lair:4   | Noticed pkoi's ghost (journeyman DgAE)
 17363 | Lair:4   | Found a runed translucent door.
 17873 | Lair:3   | Found a staircase to the Shoals.
 18626 | Lair:2   | Reached skill level 14 in Fighting
 18858 | Lair:2   | Noticed Erica
 18965 | Lair:2   | Gained mutation: Your large and strong wings let you fly.
                  | [Gargoyle growth]
 18965 | Lair:2   | Reached XP level 14. HP: 81/105 MP: 11/14
 19157 | Lair:2   | Killed Erica
 19398 | Lair:2   | Killed Gastronok
 19557 | Lair:2   | Found a staircase to the Snake Pit.
 19570 | Lair:2   | Reached skill level 1 in Long Blades
 19630 | Lair:2   | Reached skill level 15 in Fighting
 20283 | Lair:4   | Killed pkoi's ghost
 20322 | Lair:4   | Found a radiant altar of Vehumet.
 21511 | Lair:5   | Reached skill level 15 in Staves
 21562 | Lair:5   | Identified the +2 robe of the Solstice {rPois rC- Dex+6}
 21740 | Lair:5   | Reached skill level 16 in Fighting
 22421 | Lair:6   | Entered Level 6 of the Lair of Beasts
 22498 | Lair:6   | Found a dark tunnel.
 22505 | Volcano  | Entered a volcano
 22611 | Volcano  | Noticed a stone giant
 22623 | Volcano  | Killed a stone giant
 22700 | Volcano  | Reached XP level 15. HP: 116/116 MP: 15/15
 23013 | Lair:6   | Found a staircase to the Slime Pits.
 23054 | Lair:6   | Reached skill level 17 in Fighting
 23089 | Lair:6   | Reached ****** piety under Wu Jian
 23923 | Lair:6   | Found the +0 pair of fencer's gloves {Riposte Dex+3}
 24174 | Lair:6   | Reached skill level 18 in Fighting
 25228 | D:12     | Noticed Kirke
 25232 | D:12     | Found a staircase to the Orcish Mines.
 25243 | D:12     | Killed Kirke
 26226 | Orc:1    | Entered Level 1 of the Orcish Mines
 26234 | Orc:1    | Found Leybylit's Weapon Emporium.
 26244 | Orc:1    | Noticed Urug
 26257 | Orc:1    | Killed Urug
 26923 | Orc:2    | Entered Level 2 of the Orcish Mines
 26930 | Orc:2    | Reached XP level 16. HP: 127/127 MP: 16/16
 27078 | Orc:2    | Gained mutation: Potions are less effective at restoring
                  | your health. [a neqoxec]
 27083 | Orc:2    | Reached skill level 19 in Fighting
 27218 | Orc:2    | Found a staircase to the Elven Halls.
 27274 | Orc:2    | Reached skill level 5 in Throwing
 27513 | Orc:2    | Found Tuubapa's Weapon Shop.
 27754 | Orc:2    | Bought 3 atropa-tipped darts for 25 gold pieces
 27761 | Orc:2    | Found Wusch's Book Shoppe.
 27873 | Orc:2    | Found Loecvar's Weapon Shop.
 27882 | Orc:2    | Bought 5 atropa-tipped darts for 42 gold pieces
 28093 | Orc:2    | Found Afris's Antique Weapon Shoppe.
 28102 | Orc:2    | Found Hocoumag's Book Shop.
 29922 | Elf:1    | Entered Level 1 of the Elven Halls
 29938 | Elf:1    | Found a radiant altar of Vehumet.
 29979 | Elf:1    | Got the Tome of Virous Bewitchment
 29984 | Elf:1    | Found a runed translucent door.
 29985 | Elf:1    | Found a shimmering altar of Xom.
 29985 | Elf:1    | Noticed Icepheonix32's ghost (adept DsFi)
 30480 | Elf:1    | Reached skill level 5 in Dodging
 30488 | Elf:1    | Reached skill level 20 in Fighting
 30887 | Elf:1    | Noticed Louise
 30904 | Elf:1    | Cast into level 2 of the Abyss (Louise)
 30988 | Abyss:2  | Gained mutation: You sometimes lose the ability to read
                  | scrolls when taking damage. [a neqoxec]
 31092 | Abyss:3  | HP: 2/129 [large abomination (10)]
 31132 | Abyss:3  | Noticed a tentacled starspawn
 31162 | Abyss:3  | Noticed a tentacled starspawn
 31178 | Abyss:3  | sigh
 31191 | Abyss:3  | Killed a tentacled starspawn
 31199 | Abyss:3  | Killed a tentacled starspawn
 31202 | Abyss:3  | Noticed a tentacled starspawn
 31238 | Abyss:3  | Killed a tentacled starspawn
 31333 | Abyss:4  | Lost mutation: You are robust. (+10% HP) [a cacodemon]
 31341 | Abyss:5  | Entered Level 5 of the Abyss
 31389 | Elf:1    | Escaped the Abyss
 31404 | Elf:1    | Killed Louise
 31749 | Elf:1    | Lost mutation: Potions are less effective at restoring your
                  | health. [potion of mutation]
 31749 | Elf:1    | Lost mutation: You are clumsy. (Dex -2) [potion of
                  | mutation]
 31749 | Elf:1    | Gained mutation: You are agile. (Dex +2) [potion of
                  | mutation]
 31750 | Elf:1    | Lost mutation: You are agile. (Dex +2) [potion of mutation]
 31750 | Elf:1    | Lost mutation: You expend magic power (3 MP) to strengthen
                  | your wands. [potion of mutation]
 31750 | Elf:1    | Lost mutation: You sometimes lose the ability to read
                  | scrolls when taking damage. [potion of mutation]
 31750 | Elf:1    | Gained mutation: You are partially covered in iridescent
                  | scales. (AC +2) [potion of mutation]
 31750 | Elf:1    | Gained mutation: You are frail. (-10% HP) [potion of
                  | mutation]
 31750 | Elf:1    | Gained mutation: Your body sometimes deteriorates upon
                  | taking damage. [potion of mutation]
 32093 | Elf:1    | HP: 1/107 [deep elf annihilator/crystal spear (57)]
 32626 | Elf:1    | Reached XP level 17. HP: 85/111 MP: 14/17
 33918 | D:14     | Found a gate to the Vaults.
 34679 | Shoals:1 | Entered Level 1 of the Shoals
 35677 | Shoals:1 | Identified the +3 scale mail of Cifoneg {Str-3 Int+6}
 35843 | Shoals:2 | Reached skill level 21 in Fighting
 35905 | Shoals:2 | Found Rewikkiz's Antique Armour Shop.
 35998 | Shoals:2 | Bought a runed plate armour for 416 gold pieces
 35998 | Shoals:2 | Bought a shiny plate armour for 416 gold pieces
 37652 | Shoals:3 | Noticed a kraken
 37665 | Shoals:3 | Killed a kraken
 38449 | Shoals:4 | Entered Level 4 of the Shoals
 38671 | Shoals:4 | Killed from afar by a merfolk aquamancer

Illustrated notes ∙∙ ∙∙∙∙∙∙∙ ▒ ∙ ∙ ∙∙∙∙∙X

∙▒ ▒∙∙∙ ▒∙∙▒▒
∙∙▒
▒∙∙∙▒▒▒▒▒h▒∙∙∙∙
∙∙∙▒▒∙▒*X▒∙ ∙
∙∙▒∙9▒▒∙∙∙∙
▒▒∙∙∙▒▒ ▒∙∙X∙▒
▒▒▒▒w▒▒▒▒▒
▒▒w∙Xw∙∙∙∙▒
▒∙▒▒▒▒▒▒▒∙▒
▒▒▒▒∙▒∙ ∙ ▒
▒∙∙∙∙∙∙ ▒
▒∙▒▒∙▒▒ ▒ ▒


Turn 31178 on Abyss:3: sigh

Levels and vault maps discovered:
D:1:      giann_forest_graveyard, layout_basic,
          dreamdust_ecumenical_altar_statues, nrook_mini_backslash
D:2:      layout_rooms, serial_shops, nicolae_lakefront_shop, basic_altar,
          kennysheep_generic_room_10
D:3:      layout_basic, amcnicky_altar_gilded, grunt_temple_overflow_open
D:4:      layout_rooms, nicolae_overflow_crystal_walls, minmay_box_of_dots
D:5:      layout_layer_cave, vehumet_altar_wand_db,
          minmay_temple_entry_glassed_door, uniq_ijyb
D:6:      layout_basic, ebering_ghost_reflecting_pool
D:7:      layout_layer_cave, lemuel_doored_altar, nicolae_ossuary_entry_ruins,
          mrwooster_statue_mirror
D:8:      layout_rooms, mainiacjoe_overflow_surrounded_room
D:9:      layout_irregular_city, ashenzari_conservatory_becter,
          kennysheep_doodads, uniq_joseph, uniq_pikel, uniq_maggie
D:10:     layout_layer_cave, hangedman_abyss_or_decor_stagger,
          hangedman_minor_magic
D:11:     layout_layer_cave, minmay_lair_entry_grove, grunt_decor_cap
D:12:     layout_roguey, zombieorc1_lemuel, uniq_kirke
D:13:     layout_loops_ring
D:14:     cheibrodos_tormentor_scu, layout_cave_pools,
          skrybe_vaults_entry_preservation, minmay_large_rounded_square
Temple:   oiseaux_autumnal_temple
Lair:1:   minmay_lair_venomous_thicket, layout_cellular_growth,
          nicolae_quartered_pool_impasse, infiniplex_staircase_pool, uniq_grum
Lair:2:   dreamdust_isle_of_ice, layout_cave_pods,
          minmay_snake_entry_guardpost_small, st_stairs_9, uniq_gastronok,
          uniq_erica
Lair:3:   layout_roguey, minmay_shoals_entry_centaurs
Lair:4:   layout_regular_city, basic_altar, hellmonk_ghost_happy_afterlife,
          serial_bayou_shore_b
Lair:5:   layout_regular_city, serial_rivers, chequers_serial_rivers_large_b,
          chequers_serial_rivers_marsh, chequers_serial_rivers_large_a,
          chequers_serial_rivers_small_a, chequers_serial_rivers_small_a,
          chequers_serial_rivers_small_b, minmay_hedge_maze,
          minmay_lair_oklob_bushes, hangedman_lair_generics_rect
Lair:6:   minmay_lair_end_frog_pond, layout_regular_city,
          minmay_slime_entry_oklob_open, enter_volcano_2
Shoals:1: layout_shoals
Shoals:2: layout_shoals, nicolae_shoals_seven_spires, nicolae_shoals_c_island
Shoals:3: layout_shoals
Shoals:4: shoals_end_grunt_garden, layout_shoals
Orc:1:    layout_diamond_mine, serial_shops, nicolae_shop_bloodbath_and_beyond,
          uniq_urug
Orc:2:    st_orc_town, layout_caves, serial_shops, shop_coins
Elf:1:    eino_elf_arrival_altar, layout_gridlike, ebering_ghost_xom,
          hangedman_elf_disciples, nrook_uturn, feat_on_display, uniq_louise

Skill      XL: |  1  2  3  4  5  6  7  8  9 10 11 12 13 14 15 16 17 |
---------------+----------------------------------------------------+-----
Armour         | 1 2 3 4 6 8 11 13 16 17 18 | 18.7
Fighting       | 3 4 6 7 9 10 12 14 16 18 20 21 | 21.6
Maces & Flails | 1 |  1.4
Staves         | 4 5 7 8 10 11 12 14 15 16 17 | 17.8
Dodging        | 3 4 5 |  5.1
Throwing       | 2 3 4 6 7 |  7.6
Stealth        | 1 2 3 |  3.2
Long Blades    | 1 |  1.6

Action                   |  1- 3 |  4- 6 |  7- 9 | 10-12 | 13-15 | 16-18 || total
-------------------------+-------+-------+-------+-------+-------+-------++-------
Melee: Quarterstaff      |   103 |    61 |   330 |  1122 |   640 |     5 ||  2261
       Whip              |    12 |    31 |       |       |       |       ||    43
       Punch             |     1 |     1 |       |       |     1 |       ||     3
       Lajatang          |       |       |       |       |   731 |  1133 ||  1864
       Scimitar          |       |       |       |       |     6 |       ||     6
Throw: Javelin           |       |     6 |    20 |     8 |     1 |     8 ||    43
       Throwing net      |       |     5 |       |     3 |       |       ||     8
Invok: Lunge             |       |       |     3 |    61 |    92 |   135 ||   291
       Whirlwind         |       |       |       |   106 |    91 |   162 ||   359
       Serpent's Lash    |       |       |       |       |     2 |     3 ||     5
       Heavenly Storm    |       |       |       |       |       |     3 ||     3
 Abil: Wall Jump         |       |       |       |    20 |    24 |    13 ||    57
  Use: Scroll            |     3 |     3 |     5 |    11 |     7 |     3 ||    32
       Potion            |       |       |    12 |     5 |     4 |    11 ||    32
 Stab: Held in net/web   |       |     1 |       |     2 |       |       ||     3
Armor: Leather armour    |    18 |       |       |       |       |       ||    18
       Ring mail         |    30 |       |       |       |       |       ||    30
       Scale mail        |    12 |    53 |   229 |   115 |       |       ||   409
       Skin              |       |       |    33 |       |       |       ||    33
       Plate armour      |       |       |       |   703 |   652 |   142 ||  1497
       Chain mail        |       |       |       |       |   129 |   481 ||   610
Dodge: Dodged            |    67 |    55 |   172 |   473 |   398 |   396 ||  1561
       Rpst.: Lajatang   |       |       |       |       |    17 |    99 ||   116
